 Dungeon Crawl Stone Soup version 0.29.0-15-g675c0067aa (webtiles) character file.

Game seed: 15817752916002217232

34 qw the Sneak (level 3, -3/23 HPs)
             Began as a Gargoyle Delver on Sept 11, 2022.
             Killed from afar by an orc wizard (6 damage)
             ... with a puff of flame
             ... on level 4 of the Dungeon.
             The game lasted 00:00:05 (131 turns).

qw the Sneak (Gargoyle Delver)                       Turns: 131, Time: 00:00:06

Health: -3/23      AC:  6    Str: 17    XL:     3   Next: 31%
Magic:  3/3        EV: 11    Int: 10    God:
Gold:   0          SH:  0    Dex: 11    Spells: 2/2 levels left

rFire   . . .      SeeInvis .   a - +0 hand axe
rCold   . . .      Faith    .   (no shield)
rNeg    + . .      Spirit   .   b - +0 leather armour
rPois   inf        Reflect  .   (no helmet)
rElec   +          Harm     .   (no cloak)
rCorr   .          Rampage  .   (no gloves)
Will    .....                   (no boots)
Stlth   +++.......              (no amulet)
HPRegen 0.07/turn               (no ring)
MPRegen 0.08/turn               (no ring)

@: no status effects
A: sickness immunity, AC +3, negative energy resistance 1, electricity
resistance, torment resistance 1, petrification resistance
a: no special abilities


You were on level 4 of the Dungeon.
You visited 1 branch of the dungeon, and saw 2 of its levels.


Innate Abilities, Weirdness & Mutations

You are immune to sickness and miasma.
Your stone body is resilient. (AC +3)
You are immune to poison.
You resist negative energy. (rN+)
You are resistant to electric shocks. (rElec)
You are resistant to unholy torment.
You are immune to petrification.


   Skills:
 - Level 3.2 Fighting
 + Level 3.3 Axes
 - Level 1.5 Dodging
 - Level 5.4 Stealth


You had 2 spell levels left.
You didn't know any spells.
Your spell library was empty.

Inventory:

Hand Weapons
 a - a +0 hand axe (weapon)
Armour
 b - a +0 leather armour (worn)
Wands
 g - a wand of digging (3)
Potions
 f - a potion of haste

Dungeon Overview and Level Annotations

Branches:
Dungeon (5/15)
 Temple: D:4-7

Altars:


Message History

You hit something. Something barely misses you. The orc closely misses you.
You barely miss the orc.
The orc is lightly wounded.
You closely miss something.
You hear some strange, mumbled words.
Something tries to affect you, but you resist.
The orc hits you with a +0 club.
You hit the orc.
The orc is almost dead.
You barely miss something. Something hits you.
The orc hits you but does no damage.
You hit the orc.
You kill the orc!
You hit something but do no damage. Something hits you but does no damage.
The kobold barely misses you.
You closely miss the kobold. You hit something but do no damage.
Something hits you.
The kobold hits you with a +0 whip of pain.
You hit the kobold.
The kobold is moderately wounded.
You barely miss something. Something hits you.
The kobold hits you with a +0 whip of pain.
You hit the kobold.
You kill the kobold!
You barely miss something. You hit something.
Something hits you but does no damage. Something hits you.
You hit the quokka.
You kill the quokka!
You barely miss something. You hit something but do no damage.
Something hits you but does no damage. x2
128 ||| Stepping ~*~*~tactically~*~*~ (stealth).
129 ||| Stepping ~*~*~tactically~*~*~ (stealth).
You closely miss the orc. You barely miss something.
You hit something but do no damage. You miss something.
You hear some strange, mumbled words.
A puff of flame appears from out of thin air!
The puff of flame hits you.
You die...

... ### ...###.## #
... ........## #..
........#.... ...
.....##..#...## ..#
............o.#...#
....#.)...#(<{@..#
.........##.J{o#.#
...........)..$# #
...........##..#
..........###..# .
.........## #....
......#....#####.....
..oo. #......J# .....
##.. ##..##........J.


You could see 2 orcs and an endoplasm.

Vanquished Creatures
  A jelly (D:4)
  An orc (D:4)
  A giant cockroach (D:4)
  A kobold (D:4)
  A quokka (D:4)
5 creatures vanquished.

Notes
Turn   | Place    | Note
-------+----------+-------------------------------------------
     0 | D:5      | qw the Gargoyle Delver began the quest for the Orb.
     0 | D:5      | Reached XP level 1. HP: 14/14 MP: 1/1
     0 | D:5      | 0 ||| qw: Version: 0.1-a-118-gb4e7ce6
     0 | D:5      | 0 ||| qw: Game counter: 10621
     0 | D:5      | 0 ||| qw: Always use a shield: true
     0 | D:5      | 0 ||| qw: God list: Okawaru
     0 | D:5      | 0 ||| qw: Allow faded altars: false
     0 | D:5      | 0 ||| qw: Do Orc after D:15 true
     0 | D:5      | 0 ||| qw: Do second Lair branch before Depths: true
     0 | D:5      | 0 ||| qw: Lair rune preference: random
     0 | D:5      | 0 ||| qw: Plans: Normal
     0 | D:5      | 0 ||| PLANNING D:1-11
     1 | D:5      | 1 ||| DROPPING scroll of fog.
     2 | D:5      | 2 ||| DROPPING scroll of magic mapping.
     3 | D:5      | 3 ||| DROPPING scroll of fear.
    12 | D:4      | Noticed an orc wizard
    13 | D:4      | 13 ||| Stepping ~*~*~tactically~*~*~ (hiding).
    13 | D:4      | Noticed a jelly
    19 | D:4      | Killed a jelly
    20 | D:4      | Reached skill level 3 in Axes
    20 | D:4      | Reached XP level 2. HP: 16/19 MP: 2/2
    20 | D:4      | Reached XP level 3. HP: 19/23 MP: 3/3
    70 | D:4      | 70 ||| Stepping ~*~*~tactically~*~*~ (stealth).
   102 | D:4      | 102 ||| FLEEEEING.
   103 | D:4      | 103 ||| FLEEEEING.
   104 | D:4      | 104 ||| FLEEEEING.
   105 | D:4      | 105 ||| FLEEEEING.
   106 | D:4      | 106 ||| FLEEEEING.
   107 | D:4      | 107 ||| FLEEEEING.
   125 | D:4      | HP: 5/23 [kobold/+0 whip of pain (2)]
   126 | D:4      | HP: 2/23 [something (3)]
   128 | D:4      | 128 ||| Stepping ~*~*~tactically~*~*~ (stealth).
   129 | D:4      | 129 ||| Stepping ~*~*~tactically~*~*~ (stealth).
   131 | D:4      | Killed from afar by an orc wizard

Levels and vault maps discovered:
D:4:      layout_cave_pools, serial_shops, nicolae_square_shop,
          hangedman_decor_opposing, minmay_misc_feat_alley, minmay_bisected
D:5:      layout_basic

Skill      XL: |  1 |
---------------+----+-----
Axes           | 3 |  3.3
Fighting       | |  3.2
Dodging        | |  1.5
Stealth        | |  5.4

Action                   || total
-------------------------++-------
Melee: Hand axe          ||    19
Armor: Leather armour    ||    11
Dodge: Dodged            ||    11

Table legend:
 A = Non-vault XP
 B = Vault XP
 C = Vault XP percentage of total XP
 D = Non-vault monster count
 E = Vault monster count
 F = Vault count percentage of total count
                 A         B        C        D         E       F
            +---------+---------+-------+---------+---------+-------
      Total |      49 |       0 |   0.0 |       5 |       0 |   0.0
            +---------+---------+-------+---------+---------+-------
        D:4 |      49 |       0 |   0.0 |       5 |       0 |   0.0
            +---------+---------+-------+---------+---------+-------
